Map: Nightscape LE

Players

Faust

  • Race: Zerg Zerg
  • League: Diamond
  • Spawn Location: 7:00

Throwfordays

  • Race: Zerg Zerg
  • League: Silver
  • Spawn Location: 7:00

Nightfall - Winner!

  • Race: Zerg Zerg
  • League: Gold
  • Spawn Location: 1:00

PhagoCytE - Winner!

  • Race: Terran Terran
  • League: Master
  • Spawn Location: 1:00

VOD

Have the link to the VOD?

Description

Time

  • Played on: July 24, 2020, 10:45 p.m.
  • Length: 18:32
Show
View Real Time Build Order
Export as new Build Order

Faust Zerg 

Build Orders: Hatch First, Zergling Baneling 

Get SALT Encoding   

  12  0:01  Drone  
  13  0:09  Drone  
  14  0:15  Extractor  
  14  0:16  Drone  
  15  0:22  Overlord  
  15  0:41  Drone x2  
  17  0:53  Hatchery  
  16  0:58  Drone  
  16  1:00  Extractor  
  16  1:04  Drone  
  17  1:16  Spawning Pool  
  16  1:24  Drone  
  18  1:25  Drone  
  18  1:27  Drone  
  19  1:41  Overlord  
  19  2:03  Queen, Metabolic Boost  
  19  2:05  Queen  
  19  2:07  Drone  
  24  2:09  Zergling x2  
  24  2:14  Zergling x2  
  27  2:15  Zergling x2  
  27  2:22  Baneling Nest  
  26  2:28  Overlord  
  26  2:33  Drone  
  26  2:35  Drone  
  28  2:38  Drone  
  29  2:54  Zergling x2  
  29  2:55  Zergling x6  
  33  3:05  Zergling x2  
  34  3:09  Drone  
  35  3:18  Zergling x10  
  35  3:19  Zergling x4  
  42  3:21  Overlord  
  42  3:38  Zergling x6  
  42  3:44  Baneling  
  42  3:45  Baneling x3  
  42  3:47  Zergling x2  
  42  3:48  Zergling x8  
  36  4:18  Zergling x12  
  36  4:24  Baneling x2  
  39  4:30  Lair  
  39  4:37  Baneling x2  
  39  4:44  Extractor, Drone x3  
  39  4:45  Drone  
  42  4:46  Drone  
  42  4:49  Drone  
  42  4:50  Hatchery  
  43  4:58  Baneling  
  43  5:09  Drone  
  43  5:10  Drone x6  
  50  5:15  Overlord  
  50  5:20  Overlord  
  50  5:25  Spore Crawler  
  37  5:54  Zergling x14  
  37  5:55  Zergling x6  
  47  6:06  Drone x3  
  50  6:12  Infestation Pit  
  50  6:16  Drone  
  50  6:17  Queen, Drone x2  
  54  6:24  Extractor  
  52  6:42  Drone  
  52  6:43  Drone x9  
  62  6:50  Spire  
  62  6:51  Hive  
  61  6:55  Drone x3, Evolution Chamber  
  61  6:56  Evolution Chamber  
  62  7:01  Drone  
  62  7:02  Drone x2  
  62  7:03  Extractor, Drone x2  
  62  7:04  Overlord  
  66  7:18  Overlord  
  66  7:19  Overseer  
  66  7:23  Zerg Melee Weapons Level 1, Hatchery  
  66  7:26  Zerg Ground Armor Level 1  
  66  7:28  Drone x2  
  68  7:30  Drone  
  68  7:31  Drone  
  69  7:39  Extractor x2  
  69  7:40  Drone x3  
  69  7:41  Drone x3  
  73  7:52  Drone x3  
  73  7:53  Drone x3  
  79  8:04  Drone x2  
  79  8:05  Drone  
  82  8:12  Spore Crawler  
  81  8:16  Spore Crawler  
  80  8:20  Spine Crawler  
  80  8:25  Spine Crawler  
  78  8:35  Ultralisk Cavern  
  78  8:39  Drone  
  78  8:40  Drone x10  
  88  8:42  Overlord x5  
  88  8:43  Overlord x3  
  88  9:01  Queen  
  90  9:03  Drone x4  
  90  9:05  Extractor  
  90  9:08  Extractor, Drone x3  
  90  9:09  Drone x3  
  98  9:15  Adrenal Glands  
  98  9:17  Zerg Melee Weapons Level 2  
  98  9:21  Zerg Ground Armor Level 2  
  98  9:23  Chitinous Plating  
  98  9:41  Ultralisk  
  98  9:42  Ultralisk x2  
  116  9:46  Ultralisk  
  122  9:54  Drone x3  
  122  9:55  Drone x3  
  122  10:01  Extractor  
  122  10:03  Hatchery  
  122  10:05  Extractor  
  116  10:08  Zergling x20  
  116  10:09  Zergling x10  
  131  10:19  Drone x2  
  131  10:20  Drone x4  
  137  10:26  Ultralisk  
  143  10:42  Anabolic Synthesis  
  143  10:43  Drone x6  
  143  10:44  Drone x2  
  143  10:45  Zergling x2  
  152  10:57  Hydralisk Den  
  151  10:58  Zerg Flyer Weapons Level 1  
  151  11:02  Overlord x3  
  151  11:14  Spore Crawler  
  151  11:15  Spore Crawler, Overlord  
  151  11:16  Spine Crawler  
  151  11:17  Pneumatized Carapace  
  151  11:18  Burrow  
  148  11:20  Drone x3  
  148  11:21  Drone x5  
  156  11:30  Lurker Den, Centrifical Hooks  
  155  11:35  Zerg Melee Weapons Level 3  
  155  11:42  Ultralisk x3  
  155  11:43  Ultralisk x2  
  185  11:53  Overlord x3  
  185  11:54  Overlord  
  185  11:59  Zerg Ground Armor Level 3  
  185  12:09  Spine Crawler  
  185  12:10  Spine Crawler  
  185  12:11  Overlord x2  
  185  12:12  Spine Crawler  
  185  12:13  Spore Crawler  
  185  12:14  Ultralisk x2  
  193  12:28  Baneling  
  193  12:29  Baneling x21  
  193  12:30  Baneling x10  
  193  12:32  Zergling x2  
  193  12:33  Zergling x12  
  200  12:55  Hatchery  
  200  12:57  Hatchery  
  198  12:59  Queen  
  200  13:10  Overlord  
  200  13:11  Overlord  
  159  13:51  Zergling x22  
  159  13:52  Zergling x34  
  175  14:06  Zergling x2  
  175  14:07  Ultralisk x3  
  175  14:08  Corruptor  
  196  14:27  Baneling  
  196  14:29  Baneling  
  196  14:30  Baneling x19  
  196  14:31  Baneling x22  
  184  14:42  Ultralisk x2  
  184  14:43  Ultralisk x2  
  155  14:55  Zergling x12  
  155  14:56  Zergling x34  
  148  15:16  Baneling x4  
  148  15:17  Baneling x28  
  148  15:18  Baneling x9  
  148  15:19  Zergling x20  
  139  15:35  Ultralisk x5  
  146  15:53  Ultralisk  
  146  15:54  Ultralisk  
  114  15:57  Zergling x4  
  107  16:10  Baneling x3  
  89  16:22  Zerg Missile Weapons Level 1  
  90  16:32  Drone  
  90  16:33  Drone x9  
  90  16:34  Drone  
  91  17:25  Zergling x2  
  91  17:26  Zergling x26  
  105  17:40  Overlord x2  
  105  17:41  Drone  
  105  17:42  Drone, Ultralisk  
  83  18:03  Drone x3  
  83  18:05  Drone x3  
Show
View Real Time Build Order
Export as new Build Order

Throwfordays Zerg 

Build Orders: Hatch First, Lurkers 

Get SALT Encoding   

  12  0:01  Drone  
  13  0:13  Overlord  
  13  0:18  Drone  
  14  0:45  Drone  
  14  0:46  Hatchery  
  15  0:50  Drone  
  15  0:54  Drone  
  16  1:10  Spawning Pool  
  15  1:13  Drone  
  15  1:17  Drone  
  17  1:20  Extractor  
  17  1:22  Drone  
  17  1:30  Overlord  
  17  1:47  Drone  
  17  1:51  Drone  
  19  1:57  Queen  
  19  2:00  Queen  
  23  2:04  Zergling x2  
  23  2:08  Zergling x2  
  25  2:10  Zergling x2  
  25  2:14  Zergling x2  
  27  2:20  Zergling x2  
  28  2:23  Zergling x2  
  28  2:26  Metabolic Boost  
  29  2:31  Zergling x2  
  29  2:34  Zergling x2  
  31  3:03  Drone x3  
  34  3:06  Drone x2  
  36  3:51  Extractor  
  36  3:53  Overlord x2  
  35  3:58  Overlord x2  
  32  4:18  Drone x3  
  32  4:19  Baneling Nest  
  32  4:22  Drone x3  
  37  4:42  Evolution Chamber  
  37  4:44  Drone x2  
  38  4:46  Zergling x2, Evolution Chamber  
  38  4:48  Drone x3  
  41  5:04  Baneling x7  
  41  5:05  Baneling x3  
  41  5:09  Zergling x8  
  41  5:12  Zerg Melee Weapons Level 1  
  41  5:13  Zerg Ground Armor Level 1  
  45  5:17  Drone x2  
  45  5:18  Drone  
  44  5:55  Baneling x4  
  44  5:56  Baneling x3  
  42  6:00  Drone x6  
  48  6:04  Extractor  
  48  6:06  Extractor  
  45  6:13  Roach Warren  
  44  6:20  Drone  
  45  6:28  Drone x2  
  45  6:31  Drone x2  
  45  6:32  Drone  
  50  6:34  Drone  
  50  6:36  Overlord  
  50  6:38  Overlord  
  51  6:46  Lair  
  51  7:06  Spore Crawler, Zerg Missile Weapons Level 1  
  50  7:19  Spore Crawler  
  49  7:25  Roach  
  49  7:26  Roach x5  
  49  7:28  Roach x6  
  73  7:48  Roach  
  75  7:51  Overlord x3  
  75  8:04  Zerg Ground Armor Level 2  
  75  8:15  Hydralisk Den  
  74  8:22  Infestation Pit  
  74  8:24  Drone  
  76  8:27  Roach x4  
  76  8:29  Roach x5  
  76  8:30  Roach x2  
  96  8:34  Overlord  
  96  8:38  Overseer x3  
  96  8:52  Hatchery  
  96  8:55  Lurker Den  
  94  8:59  Extractor  
  94  9:00  Ravager x3  
  96  9:20  Hydralisk  
  96  9:21  Hydralisk x2  
  102  9:33  Drone  
  102  9:36  Drone x3  
  106  9:41  Drone  
  107  9:49  Overlord  
  107  9:54  Overlord x3  
  104  10:10  Lurker x3  
  107  10:14  Ravager x3  
  107  10:15  Ravager x2  
  112  10:25  Queen  
  114  10:29  Extractor, Drone x3  
  116  10:47  Zerg Missile Weapons Level 2  
  116  10:50  Hydralisk x6  
  116  10:54  Hydralisk x2  
  132  10:57  Hydralisk  
  134  11:11  Hive  
  134  11:13  Drone x3  
  137  11:25  Overlord x6  
  137  11:26  Overlord x4  
  137  11:35  Pneumatized Carapace  
  137  11:42  Lurker x4  
  141  12:23  Seismic Spines  
  141  12:24  Drone x3  
  141  12:25  Drone x3  
  147  12:35  Lurker x5  
  152  12:49  Zerg Ground Armor Level 3  
  152  13:05  Zerg Missile Weapons Level 3  
  152  13:12  Roach x4  
  162  13:13  Roach x4  
  162  13:17  Glial Reconstitution  
  168  13:22  Roach x4  
  168  13:23  Roach x3  
  127  14:29  Roach  
  127  14:30  Roach x3  
  91  15:24  Roach x6  
  91  15:25  Roach x3  
  91  15:27  Zergling x12  
  106  15:31  Zergling x2  
  106  15:32  Zergling x8  
  111  15:36  Centrifical Hooks  
  111  15:38  Adrenal Glands  
  111  15:41  Zerg Melee Weapons Level 2  
  111  15:48  Baneling x6  
  111  15:49  Baneling x6  
  111  15:56  Baneling x5  
  111  15:57  Baneling x5  
  111  16:07  Zergling x2  
  111  16:08  Zergling x8  
  116  16:11  Zergling x4  
  116  16:12  Zergling x2  
  116  16:15  Zergling x8  
  116  16:16  Zergling x4  
  112  16:34  Zergling x6  
  112  16:37  Zergling x8  
  112  16:39  Baneling x2  
  119  16:40  Baneling x7  
  119  16:41  Baneling x6  
  119  16:42  Baneling x6  
  119  16:43  Baneling x6  
  119  16:44  Baneling  
  119  16:47  Zergling x8  
  119  16:48  Zergling x2  
  119  16:49  Zergling x6  
  127  17:42  Overseer x3  
  127  17:47  Zergling x4  
  127  17:48  Zergling x4  
  127  17:50  Zergling x2  
  127  17:51  Zergling x10  
Show
View Real Time Build Order
Export as new Build Order

Nightfall Zerg - Winner!

Build Orders: Hatch First, Lurkers 

Get SALT Encoding   

  12  0:01  Drone  
  13  0:09  Drone  
  14  0:17  Overlord  
  14  0:35  Drone  
  14  0:36  Drone x2  
  17  0:53  Drone  
  18  0:58  Hatchery  
  18  0:59  Drone  
  18  1:13  Spawning Pool  
  18  1:17  Extractor  
  16  1:20  Drone x2  
  18  1:33  Drone  
  19  1:47  Drone  
  20  1:59  Overlord  
  20  2:04  Queen  
  22  2:10  Queen, Drone  
  22  2:14  Drone, Overlord  
  26  2:24  Drone  
  27  2:33  Drone x2  
  27  2:35  Metabolic Boost  
  29  2:40  Queen  
  31  2:53  Zergling x6  
  31  2:54  Zergling x2  
  31  2:55  Spine Crawler  
  31  2:56  Spine Crawler  
  33  3:00  Zergling x2  
  33  3:20  Queen  
  33  3:25  Roach Warren  
  33  3:45  Zergling x12  
  33  3:46  Zergling x6  
  42  3:50  Spine Crawler  
  41  4:08  Zergling x8  
  36  4:22  Drone x2  
  36  4:23  Drone x3  
  41  4:33  Roach  
  41  4:35  Overlord  
  43  4:48  Overlord  
  43  5:01  Roach  
  43  5:02  Roach x3  
  43  5:06  Overlord  
  51  5:10  Lair  
  51  5:12  Extractor  
  51  5:13  Drone x2  
  51  5:14  Evolution Chamber  
  51  5:30  Drone x4  
  55  5:40  Roach  
  48  5:52  Roach x7  
  62  5:58  Spine Crawler  
  61  6:14  Zerg Missile Weapons Level 1  
  61  6:15  Glial Reconstitution  
  61  6:16  Drone x2  
  61  6:17  Drone x3  
  66  6:28  Drone  
  66  6:29  Drone  
  66  6:30  Overlord  
  66  6:31  Overlord  
  68  6:47  Extractor  
  67  6:56  Drone x6  
  67  6:57  Spore Crawler x2, Drone x4  
  75  7:08  Spore Crawler, Drone  
  75  7:09  Drone  
  75  7:12  Drone x3  
  75  7:13  Extractor, Drone  
  79  7:16  Pneumatized Carapace  
  79  7:21  Drone x2  
  81  7:25  Drone x2  
  83  7:49  Hatchery  
  82  7:51  Hydralisk Den  
  82  7:56  Drone x3  
  82  7:57  Evolution Chamber  
  83  8:08  Overlord x4  
  83  8:15  Spore Crawler  
  82  8:20  Overseer  
  82  8:25  Overlord  
  82  8:35  Roach x3  
  82  8:36  Hydralisk x2  
  82  8:37  Hydralisk x3  
  82  8:39  Drone x4  
  102  9:11  Drone x3  
  102  9:12  Drone x5  
  110  9:26  Lurker Den, Zerg Missile Weapons Level 2  
  110  9:27  Zerg Ground Armor Level 1  
  110  9:29  Muscular Augments  
  109  9:34  Roach  
  109  9:35  Roach x5  
  109  9:36  Drone  
  109  9:37  Overlord  
  122  9:39  Extractor  
  122  9:41  Extractor, Spore Crawler x2  
  122  9:43  Spine Crawler  
  117  10:13  Drone x3  
  117  10:14  Drone x7, Overlord  
  124  10:15  Overlord  
  124  10:19  Hydralisk  
  129  10:24  Overlord x3  
  129  10:25  Infestation Pit  
  129  10:27  Hatchery  
  127  10:32  Hatchery  
  127  10:33  Overseer  
  126  10:40  Grooved Spines  
  128  10:50  Lurker x6  
  128  10:55  Hydralisk x2  
  128  10:56  Hydralisk x2  
  144  10:57  Roach x3  
  144  10:58  Roach  
  148  11:05  Hive  
  148  11:08  Hydralisk  
  148  11:11  Roach  
  152  11:12  Drone, Overlord  
  152  11:13  Drone  
  152  11:14  Drone x2  
  156  11:37  Hydralisk  
  156  11:38  Hydralisk x7  
  172  11:49  Drone x3  
  172  11:50  Queen  
  172  11:51  Drone  
  178  11:59  Hydralisk x5  
  188  12:01  Roach  
  188  12:02  Overlord  
  190  12:09  Overlord  
  190  12:20  Queen  
  192  12:23  Hydralisk x2  
  192  12:24  Hydralisk  
  198  12:37  Extractor  
  198  12:40  Extractor  
  198  12:41  Spore Crawler  
  198  12:43  Spine Crawler x2  
  193  12:45  Spine Crawler  
  193  12:46  Drone x4  
  193  12:47  Drone x2, Spine Crawler, Overlord x2  
  197  12:53  Seismic Spines  
  197  12:54  Zerg Missile Weapons Level 3, Zerg Ground Armor Level 2  
  197  13:03  Overseer  
  197  13:24  Spire  
  182  13:46  Hydralisk  
  182  13:47  Hydralisk x11  
  160  13:50  Adaptive Talons  
  156  14:08  Roach x7  
  156  14:09  Roach x10, Hydralisk x3  
  190  14:10  Hydralisk  
  196  14:27  Drone x4  
  194  14:52  Roach, Hydralisk  
  158  14:53  Roach x5, Hydralisk x8  
  164  15:14  Corruptor x2  
  164  15:15  Corruptor x4  
  152  15:50  Roach x6  
  152  15:51  Roach x12  
  152  15:55  Roach  
  152  15:56  Roach  
  168  16:23  Greater Spire  
  164  16:30  Roach  
  164  16:48  Ravager  
  164  16:53  Lurker  
  164  16:54  Lurker x8  
  168  16:55  Lurker x2  
  168  16:58  Roach  
  168  16:59  Roach x4  
  168  17:00  Roach x5  
  168  17:01  Roach  
  195  17:18  Ravager  
  193  17:31  Hatchery  
  192  17:41  Hydralisk x3  
  192  17:42  Hydralisk  
Show
View Real Time Build Order
Export as new Build Order

PhagoCytE Terran - Winner!

Build Orders:  

Get SALT Encoding   

  12  0:00  SCV  
  13  0:12  SCV  
  14  0:17  Supply Depot  
  14  0:25  SCV  
  15  0:30  Refinery  
  15  0:39  SCV  
  16  0:45  Barracks  
  16  0:51  SCV  
  17  1:03  SCV  
  18  1:15  SCV  
  19  1:32  Orbital Command  
  19  1:33  Marine  
  20  1:43  Command Center  
  20  1:56  Ghost Academy  
  20  1:57  Barracks Tech Lab  
  20  2:00  SCV  
  21  2:12  Supply Depot  
  21  2:13  SCV  
  22  2:18  Refinery  
  22  2:33  Ghost  
  22  2:35  SCV  
  25  2:47  SCV  
  26  2:58  Orbital Command  
  26  3:03  Ghost  
  28  3:07  Bunker  
  28  3:08  SCV  
  29  3:23  Orbital Command  
  29  3:29  SCV  
  29  3:32  Ghost  
  29  3:33  Factory  
  31  3:52  SCV  
  31  3:53  Barracks  
  32  4:21  Factory Reactor  
  32  4:22  Starport  
  32  4:30  SCV  
  32  4:31  SCV  
  34  4:35  Ghost  
  36  4:41  Barracks Tech Lab  
  36  4:45  Refinery  
  36  4:46  Refinery  
  36  4:51  SCV x2  
  38  4:57  Supply Depot  
  38  5:03  SCV, Supply Depot  
  39  5:10  SCV  
  39  5:11  Supply Depot  
  40  5:17  Ghost  
  40  5:19  Personal Cloaking  
  42  5:22  Engineering Bay  
  42  5:23  SCV x2  
  44  5:35  SCV x2  
  46  5:57  Medivac x2, Ghost  
  46  6:00  SCV x2  
  53  6:10  Supply Depot  
  53  6:12  Missile Turret  
  53  6:14  SCV x2  
  53  6:16  Command Center, Terran Infantry Weapons Level 1  
  53  6:18  Engineering Bay, Ghost  
  57  6:26  SCV x2  
  59  6:38  SCV x2  
  61  6:40  Missile Turret  
  61  6:42  Medivac x2  
  61  6:44  Missile Turret  
  65  6:50  SCV x2  
  67  6:55  Ghost x2  
  71  7:02  Missile Turret  
  71  7:03  SCV x2  
  73  7:12  Barracks x2  
  73  7:15  Terran Infantry Armor Level 1  
  73  7:17  Armory  
  73  7:22  SCV  
  74  7:25  Ghost  
  74  7:29  Orbital Command  
  76  7:36  SCV x2  
  78  7:37  Ghost  
  78  7:42  Supply Depot  
  80  7:48  SCV  
  80  7:50  Orbital Command  
  81  8:02  Ghost  
  81  8:03  Barracks Tech Lab  
  83  8:05  Ghost  
  83  8:08  SCV  
  86  8:15  Command Center  
  86  8:17  Missile Turret x2  
  86  8:18  Missile Turret  
  86  8:26  Missile Turret  
  86  8:27  Barracks Tech Lab  
  86  8:29  Enhanced Shockwaves  
  86  8:30  Ghost  
  88  8:39  Refinery x2, SCV x2  
  90  8:42  SCV  
  90  8:46  Terran Infantry Weapons Level 2  
  91  8:51  SCV  
  92  9:01  Ghost  
  94  9:11  Terran Infantry Armor Level 2  
  94  9:21  Supply Depot, Command Center  
  94  9:25  Supply Depot x2  
  94  9:26  Ghost  
  96  9:38  Ghost x2  
  96  9:41  Supply Depot  
  100  10:06  Ghost x2  
  104  10:09  Orbital Command  
  104  10:11  SCV x3  
  107  10:17  Ghost x2  
  111  10:23  SCV  
  111  10:28  Barracks x2  
  112  10:32  Barracks  
  112  10:35  Barracks  
  112  10:37  Barracks  
  112  10:38  Refinery  
  112  10:41  Refinery  
  112  10:44  SCV x3  
  112  10:45  SCV  
  112  10:46  Ghost x2  
  112  10:47  Ghost x2  
  112  10:49  Medivac x2  
  128  10:56  SCV  
  129  10:58  SCV x2  
  129  10:59  SCV  
  132  11:08  SCV  
  133  11:13  SCV x2  
  133  11:16  Terran Infantry Weapons Level 3  
  135  11:22  Combat Shield  
  135  11:23  Barracks, Stimpack  
  135  11:25  Barracks Reactor x2  
  135  11:26  Barracks Reactor  
  135  11:27  Barracks Reactor  
  135  11:30  Barracks  
  135  11:31  Ghost  
  137  11:38  Planetary Fortress  
  137  11:47  Ghost x2  
  141  11:57  Refinery  
  141  12:01  Refinery  
  141  12:03  Ghost x2  
  145  12:15  Ghost  
  145  12:16  Barracks Tech Lab  
  145  12:19  Barracks  
  145  12:21  Terran Infantry Armor Level 3  
  145  12:22  Supply Depot  
  147  12:35  Ghost x3  
  153  12:51  Ghost Academy  
  153  12:52  Nuke  
  153  12:55  Ghost x2  
  157  13:01  Supply Depot  
  157  13:02  Missile Turret  
  157  13:03  Ghost  
  159  13:11  Ghost x2, Missile Turret  
  163  13:23  Medivac, Ghost  
  163  13:24  Medivac  
  169  13:28  Ghost  
  169  13:33  Supply Depot, Missile Turret  
  171  13:34  Supply Depot  
  171  13:35  Supply Depot  
  165  13:56  Command Center  
  161  14:13  Ghost x3  
  161  14:14  Ghost x2  
  171  14:33  Medivac x2  
  151  15:05  Ghost x4  
  135  15:23  Ghost  
  137  15:33  Ghost  
  121  16:02  Ghost x5  
  131  16:10  Barracks Tech Lab  
  129  16:11  Barracks Tech Lab  
  127  16:30  Ghost x2  
  131  16:34  Ghost x5  
  123  17:03  Ghost  
  123  17:04  Ghost x5  
  137  17:28  Ghost  
  138  17:32  Ghost x3  
  138  17:34  Ghost x2  
  147  17:39  Planetary Fortress  
  147  17:43  Ghost  
  149  17:45  Nuke  
  149  17:47  Nuke  
  149  17:56  Ghost  
  163  18:18  Refinery  
  163  18:20  Refinery  
Tags
 
Add a new tag
Caveats
  • Supply blocks, unpowered buildings, or Contaminate may cause inaccurate times.
  • Supply counts are checked every 10 seconds.